[Event "*** Biggest EVER Titled Tuesday"]
[Site "Chess.com"]
[Date "2018.04.17"]
[Round "8"]
[White "StoreySniper"]
[Black "chegueps"]
[Result "0-1"]
[WhiteElo "2238"]
[BlackElo "2287"]
[TimeControl "180+2"]
[EndTime "14:56:14 PDT"]
[Termination "chegueps won by resignation"]

1. e4 c5 2. Nf3 e6 3. c3 d5 4. exd5 Qxd5 5. d4 Nf6 6. Be3 cxd4 7.
cxd4 Nc6 8. Nc3 Bb4 9. Bd3 O-O 10.
O-O Qd6 11. Bg5 Nd5 12. Ne4 Qc7 13. Bh4 a6 14. Bg3 Qe7 15. a3 Ba5 16. Bd6 Qe8 17.
Bxf8 Qxf8 18. b4 Bb6 19. Nc5 Bc7 20. Be4 Nce7 21. Rc1 b6 22. Nd3 Bb7 23. Nde5 f6 24. Rxc7 Nxc7 25. Bxb7 Ra7 26. Nd7 Qd8 27. Nxf6+ gxf6 28. Be4 Ncd5 29. Re1 Qd6 30. g3 Rc7 31. Nh4 f5 32. Bd3 Nc6 33. Nf3 Nc3 34. Qb3 Nd5 35. Bc4 Nce7 36. Ng5 b5 37. Bf1 Rc3 38. Qb2 Nc6 39.
Rxe6 Qd8 40. Bg2 Nxd4 41. Bxd5 Qxd5 42. Qxc3 Nxe6 43. Nxe6 Qxe6 44. Qe3 Qd5 45. h3 Qd1+ 46. Kg2 Qd5+ 47. Qf3 Qf7 48. Qa8+ Kg7 49. Qxa6 Qd5+ 50.
Kh2 Qf3 51. Qa7+ Kg6 52. Qe3 Qd5 53. h4 h6 54. Qc5 Qf3 55. Qd6+ Kh5 56. Qf4 Qd5 57. Qe3 Kg6 58. f3 Qa2+ 59. Kh3 Qd5 60. Qb6+ Kg7 61. Qe3 Kg6 62. Kg2 Kg7 63. Kh3 Kg6 64. Qc3 Kf7 65. Qc7+ Kg6 66. Qb6+ Kg7 67. Qf2 Qd3 68. Qb2+ Kg6 69. Kg2 Kf7 70. Qa2+ Kg6 71.
Qb2 Kf7 72. Kf2 Kg6 73. Qc1 Qd4+ 74. Kg2 Qd3 75. Qc6+ Kg7 76. Qc7+ Kg6 77. Qb6+ Kg7 78. Qa7+ Kg6 79. a4 Qc2+ 80. Kh3 bxa4 81. Qa6+ Kg7 82. Qb7+ Kg6 83. Qb6+ Kg7 84. Qd4+ Kg6 85. b5 Qe2 86.
Qd6+ Kg7 87. Qc7+ Kg6 88. Qc6+ Kg7 89. Qc3+ Kg6 90. Qc6+ Kg7 91. Qd7+ Kg6 92. Qe6+ Qxe6 0-1

[Event "*** Biggest EVER Titled Tuesday"]
[Site "Chess.com"]
[Date "2018.04.17"]
[Round "8"]
[White "djamir"]
[Black "biostatistician"]
[Result "1-0"]
[WhiteElo "2630"]
[BlackElo "2439"]
[TimeControl "180+2"]
[EndTime "14:56:30 PDT"]
[Termination "djamir won on time"]

1. d4 Nf6 2. Nf3 g6 3. Bf4 Bg7 4. h3 c5 5. e3 b6 6. Be2 Bb7 7. O-O O-O 8. Nbd2 Nc6 9. c3 d6 10. Re1 Rc8 11. a4 Rc7 12. a5 Qc8 13. axb6 axb6 14.
Bb5 Ba8 15. Nc4 Nd7 16. d5 Na7 17. Bxd7 Qxd7 18. Nxb6 Qb5 19. Nxa8 Rxa8 20. Qe2 Rb8 21. Qxb5 Rxb5 22. Ra2 h6 23. e4 g5 24. Be3 Nc8 25. Nd2 Nb6 26. Rc1 Rb7 27. b3 Kh7 28. Kf1 Kg6 29. Ke2 e6 30. c4 Rb4 31. dxe6 fxe6 32.
Ra6 Be5 33. Rc2 Nd7 34. g3 R4b6 35. Ra4 Nb8 36. f4 Bf6 37. Ra8 Nc6 38. Rca2 Bd4 39. R2a6 Bxe3 40. Kxe3 Nd4 41. Rxb6 Rxb6 42. Rd8 Nxb3 43.
Nf3 Na5 44. Nd2 gxf4+ 45. gxf4 Kf6 46. Rxd6 Rxd6 47. e5+ Ke7 48. exd6+ Kxd6 49. Ne4+ Kc6 50.
Kd3 Nb3 51. Nf6 Nd4 52. Ng4 Nf5 53. Ke4 Kd6 54. Ne5 Ng3+ 55. Kf3 Nf5 56. Kg4 Ke7 57.
Kh5 Kf6 58. Nd7+ Kg7 59. Nxc5 Ne3 60. Nxe6+ Kf6 61. Nd4 Nxc4 62. Kxh6 Ne3 63. Kh5 Ng2 64. Kg4 Ne3+ 65. Kf3 Nd5 66. h4 Kg6 67. Kg3 Kh5 68. f5 Ne3 69. Kf4 Ng2+ 70. Ke5 Nxh4 71. f6 Ng6+ 72. Kf5 Nh4+ 73. Ke6 Ng6 74. f7 Kh6 75.
Kf6 Kh7 76. Ne6 Kh6 77. Nf4 Nf8 78. Ne6 Ng6 79. Kf5 Kh7 80. Kg5 Kh8 81. Kf6 Kh7 82. Nd8 Kh6 83. Ne6 Kh7 84. Nf4 Nf8 85. Ke7 1-0

[Event "*** Biggest EVER Titled Tuesday"]
[Site "Chess.com"]
[Date "2018.04.17"]
[Round "8"]
[White "Blackmind96"]
[Black "murmah2003"]
[Result "1/2-1/2"]
[WhiteElo "2530"]
[BlackElo "2535"]
[TimeControl "180+2"]
[EndTime "14:58:19 PDT"]
[Termination "Game drawn by stalemate"]

1. d4 Nf6 2. c4 g6 3. Nc3 Bg7 4. e4 O-O 5. f3 c5 6. Nge2 Nc6 7. Be3 cxd4 8. Nxd4 d6 9. Qd2 Bd7 10. Be2 Nxd4 11.
Bxd4 a5 12. O-O a4 13. b4 Be6 14. Rac1 Qd7 15. a3 Rfc8 16. Nd5 Bxd5 17. cxd5 Ne8 18. Bxg7 Kxg7 19. Qd4+ Kg8 20. Qb6 Rxc1 21. Rxc1 Rc8 22. Rxc8 Qxc8 23. Qb5 Nf6 24. Qxa4 Qc3 25. Kf1 Qa1+ 26.
Kf2 Qd4+ 27. Kf1 Qa1+ 28. Kf2 Kg7 29. Qb3 Qe5 30. g3 Qd4+ 31. Qe3 Qb2 32. Kg2 Nd7 33. f4 Nf6 34. h3 Qc2 35. Qd3 Qb2 36. Kg1 h5 37.
Kg2 Nd7 38. Qe3 Nf6 39. Kg1 Qb1+ 40. Bf1 Nxe4 41. Qd4+ Nf6 42. g4 hxg4 43. hxg4 Kg8 44. g5 Nh5 45. Kf2 Qc1 46. Qe3 Qb2+ 47. Be2 Ng7 48. Qxe7 Nf5 49. Qd8+ Kh7 50. Qc7 Qd4+ 51. Ke1 Kg7 52. Qc4 Qa1+ 53. Kd2 Qxa3 54. Qc3+ Qxc3+ 55. Kxc3 Ne7 56. Kc4 Kf8 57. Bg4 Ke8 58. Kd4 Kd8 59. Kc4 Kc7 60. Kd4 Kb6 61. Bd7 Kc7 62.
Be8 Nf5+ 63. Kd3 Kd8 64. Bxf7 Nh4 65. Ke4 Ke7 66. Be6 Ng2 67. Bc8 b6 68. Ba6 Ne1 69. Be2 Nc2 70. b5 Kf7 71. Bg4 Nb4 72. f5 gxf5+ 73. Bxf5 Na2 74. Kd4 Nc1 75. Ke4 Na2 76. Kf4 Nc3 77. Be4 Nxb5 78. Ke3 Nc3 79. Bf3 Kg6 80. Kd4 Nb5+ 81. Kc4 Nc7 82. Bd1 Kxg5 83. Ba4 Kf4 84. Bc6 Ke5 85. Bb7 Ke4 86. Bc6 Ke5 87. Bb7 Nxd5 88. Kb5 Ke6 89. Bc8+ Ke5 90. Bb7 Kd4 91. Kc6 Nc3 92. Kxb6 Kc4 93. Ba6+ Kd5 94.
Kc7 Kc5 95. Bb7 Nd5+ 96. Kd7 Nb4 97. Ke6 Nc6 98. Kf5 d5 99. Kf4 d4 100. Bxc6 Kxc6 101. Ke4 Kc5 102. Kd3 Kd5 103. Kd2 Kc4 104. Kc2 d3+ 105. Kd2 Kd4 106. Kd1 Ke3 107. Ke1 Kf4 108. Kd2 Ke4 109. Kd1 Ke3 110. Ke1 d2+ 111. Kd1 Kd3 1/2-1/2

[Event "*** Biggest EVER Titled Tuesday"]
[Site "Chess.com"]
[Date "2018.04.17"]
[Round "9"]
[White "rekosheten"]
[Black "chesssharkattack"]
[Result "1-0"]
[WhiteElo "2318"]
[BlackElo "2347"]
[TimeControl "180+2"]
[EndTime "14:59:36 PDT"]
[Termination "rekosheten won by resignation"]

1. e4 e5 2. Nf3 Nf6 3. Nxe5 d6 4. Nc4 Nxe4 5. Nc3 Nxc3 6. bxc3 Nd7 7. d4 Be7 8. Ne3 O-O 9. c4 Nf6 10. Bd3 Re8 11. O-O Bf8 12. Rb1 h6 13. Qf3 b6 14.
Qxa8 1-0

[Event "*** Biggest EVER Titled Tuesday"]
[Site "Chess.com"]
[Date "2018.04.17"]
[Round "9"]
[White "martinique24"]
[Black "savinspm"]
[Result "1-0"]
[WhiteElo "2293"]
[BlackElo "2005"]
[TimeControl "180+2"]
[EndTime "15:00:47 PDT"]
[Termination "martinique24 won by checkmate"]

1. e4 e5 2. Nf3 Nc6 3. Bc4 Bc5 4.
c3 Nf6 5. d4 exd4 6. cxd4 Bb4+ 7.
Nc3 Nxe4 8. O-O Bxc3 9. d5 Na5 10. bxc3 Nxc4 11. Qd4 Ncd6 12. Qxg7 Qf6 13. Qxf6 Nxf6 14. Re1+ Kf8 15. Bh6+ Kg8 16. Re5 Nfe4 17. Re1 f6 18.
Re7 b6 19. R1xe4 Ba6 20. Rg4# 1-0

[Event "*** Biggest EVER Titled Tuesday"]
[Site "Chess.com"]
[Date "2018.04.17"]
[Round "9"]
[White "OK97"]
[Black "Vamostodorecto"]
[Result "0-1"]
[WhiteElo "2553"]
[BlackElo "2385"]
[TimeControl "180+2"]
[EndTime "15:00:53 PDT"]
[Termination "Vamostodorecto won by resignation"]

1. Nf3 d5 2. g3 Nc6 3. d4 Bg4 4.
Bg2 Qd7 5. O-O O-O-O 6. c4 dxc4 7. Nbd2 Nxd4 8. Nxd4 Qxd4 9. Qa4 Nf6 10. Nxc4 Bxe2 11.
Qxa7 Qxa7 0-1

[Event "*** Biggest EVER Titled Tuesday"]
[Site "Chess.com"]
[Date "2018.04.17"]
[Round "9"]
[White "AndrewDGreen"]
[Black "ChessicallyInclined"]
[Result "1-0"]
[WhiteElo "2156"]
[BlackElo "2144"]
[TimeControl "180+2"]
[EndTime "15:01:13 PDT"]
[Termination "AndrewDGreen won by resignation"]

1. d4 d5 2. Bf4 e6 3. e3 Bd6 4. Bg3 Nf6 5. c4 c5 6. dxc5 Bxg3 7. hxg3 Qa5+ 8. Nd2 Qxc5 9. cxd5 Nxd5 10. Rc1 Nd7 11.
Rxc5 Nxc5 12. Nb3 Ne4 13. Qd4 Nef6 14. Bb5+ Bd7 15. Bxd7+ Kxd7 16. e4 1-0

[Event "*** Biggest EVER Titled Tuesday"]
[Site "Chess.com"]
[Date "2018.04.17"]
[Round "9"]
[White "muran29"]
[Black "2165149677570"]
[Result "1-0"]
[WhiteElo "2320"]
[BlackElo "2103"]
[TimeControl "180+2"]
[EndTime "15:01:24 PDT"]
[Termination "muran29 won by resignation"]

1. d4 Nf6 2. c4 e6 3. Nf3 b6 4. a3 Ba6 5. Qc2 Bb7 6. Nc3 c5 7. d5 exd5 8. cxd5 Nxd5 9. Bg5 Nf6 10. g3 Be7 11. Bg2 O-O 12. Rd1 d5 13. O-O d4 14.
Bxf6 Bxf6 15. Ng5 d3 16. Rxd3 Qc8 17. Bxb7 Qxb7 18. Rd7 1-0

[Event "*** Biggest EVER Titled Tuesday"]
[Site "Chess.com"]
[Date "2018.04.17"]
[Round "9"]
[White "Mikhail_Golubev"]
[Black "GianmarcoVaR"]
[Result "1-0"]
[WhiteElo "2378"]
[BlackElo "2504"]
[TimeControl "180+2"]
[EndTime "15:01:46 PDT"]
[Termination "Mikhail_Golubev won by resignation"]

1. e4 c5 2. Nf3 d6 3. d4 cxd4 4. Nxd4 Nf6 5. Nc3 a6 6. Bc4 e6 7.
Bb3 b5 8. O-O Be7 9. Qf3 Qb6 10.
Be3 Qb7 11. Qg3 O-O 12. Bh6 Ne8 13. Rad1 Bd7 14. f4 Nc6 15. f5 Nxd4 16. Rxd4 Bf6 17.
Rd2 b4 18. fxe6 fxe6 19. Nd5 Be5 20. Ne7+ 1-0

[Event "*** Biggest EVER Titled Tuesday"]
[Site "Chess.com"]
[Date "2018.04.17"]
[Round "9"]
[White "Safar_From_Afar"]
[Black "Karina_Oparina"]
[Result "1/2-1/2"]
[WhiteElo "2284"]
[BlackElo "2162"]
[TimeControl "180+2"]
[EndTime "15:01:48 PDT"]
[Termination "Game drawn by agreement"]

1. e4 c6 2. d4 d5 3. e5 Bf5 4.
g4 Bd7 5. Nc3 e6 6. Be3 Bb4 7.
Qd2 Ne7 8. O-O-O Qa5 9. Nge2 c5 10. a3 cxd4 11. Bxd4 Bc5 12. Kb1 Bxd4 13. Nxd4 Nbc6 14.
Nb3 1/2-1/2

[Event "*** Biggest EVER Titled Tuesday"]
[Site "Chess.com"]
[Date "2018.04.17"]
[Round "9"]
[White "aa175"]
[Black "FMJoseHerrera"]
[Result "0-1"]
[WhiteElo "1879"]
[BlackElo "2446"]
[TimeControl "180+2"]
[EndTime "15:01:51 PDT"]
[Termination "FMJoseHerrera won by resignation"]

1. e4 c5 2. Nf3 e6 3. b4 cxb4 4. a3 bxa3 5. Rxa3 Ne7 6. Nc3 Ng6 7. e5 Nc6 8. d4 Bb4 9. h4 Nge7 10. h5 Nd5 11. h6 Nxc3 12. Qd2 Ne4 13. c3 Nxd2 14. cxb4 Nxf3+ 0-1

[Event "*** Biggest EVER Titled Tuesday"]
[Site "Chess.com"]
[Date "2018.04.17"]
[Round "9"]
[White "PenguinPacks"]
[Black "KRASAVCHIK2002"]
[Result "0-1"]
[WhiteElo "2147"]
[BlackElo "2037"]
[TimeControl "180+2"]
[EndTime "15:03:21 PDT"]
[Termination "KRASAVCHIK2002 won by resignation"]

1. Nf3 Nf6 2. g3 b6 3. Bg2 Bb7 4. O-O g6 5. b3 Bg7 6. Bb2 O-O 7.
c4 d6 8. Nc3 Ne4 9. Qc2 Nxc3 10. Bxc3 e5 11. d4 e4 12. Nd2 f5 13. e3 Nd7 14. b4 c5 15. a3 cxd4 16. exd4 Rc8 17. Rae1 d5 18. f3 Re8 19. Qa2 e3 20. Nb1 Rxc4 21. f4 Bxd4 22. Bxd4 Rxd4 23. Re2 Ba6 24. Bxd5+ Kg7 25. b5 Bxb5 26. Qb2 Bxe2 27. Qxd4+ Qf6 28. Qxf6+ Nxf6 29. Re1 Nxd5 30. Rxe2 Rc8 31. Kg2 Rc1 32. Rb2 e2 33. Rxe2 Rxb1 34. Rd2 Nf6 35. Rc2 Rd1 36.
Rc7+ Rd7 37. Rc2 Ne4 38. Kf3 Rd3+ 39. Ke2 Rxa3 0-1

[Event "*** Biggest EVER Titled Tuesday"]
[Site "Chess.com"]
[Date "2018.04.17"]
[Round "9"]
[White "wonderfultime"]
[Black "AkshatChandra"]
[Result "0-1"]
[WhiteElo "2791"]
[BlackElo "2822"]
[TimeControl "180+2"]
[EndTime "15:03:24 PDT"]
[Termination "AkshatChandra won by resignation"]

1. d4 Nf6 2. Bf4 d5 3. e3 e6 4.
Nf3 c5 5. c3 Nc6 6. Nbd2 Bd6 7.
Bg3 O-O 8. Bb5 Ne7 9. Bd3 c4 10. Bc2 b5 11. e4 dxe4 12. Nxe4 Nxe4 13. Bxe4 Rb8 14. Bxh7+ Kxh7 15. Ng5+ Kg6 16. Bxd6 Qxd6 17. h4 Qf4 18. g3 Qf5 19. Qd2 Nd5 20. h5+ Kf6 21.
Nh7+ 0-1

[Event "*** Biggest EVER Titled Tuesday"]
[Site "Chess.com"]
[Date "2018.04.17"]
[Round "9"]
[White "VeraNebolsina"]
[Black "Gr3egor"]
[Result "1-0"]
[WhiteElo "2501"]
[BlackElo "2347"]
[TimeControl "180+2"]
[EndTime "15:03:31 PDT"]
[Termination "VeraNebolsina won by resignation"]

1. e4 e5 2. Nf3 Nc6 3. Bc4 Bc5 4. O-O Nf6 5. d3 O-O 6. c3 d5 7. exd5 Nxd5 8. h3 Nb6 9. Bb3 Bf5 10. Bc2 Qd7 11.
Qe2 Rad8 12. b4 Bd6 13. Nbd2 Bg6 14. Ne4 f5 15. Bb3+ Kh8 16. Neg5 Rde8 17. Nh4 e4 18.
Nxg6+ hxg6 19. f4 exd3 20. Qf2 Bc5 21. bxc5 Nd5 22. Qh4+ 1-0

[Event "*** Biggest EVER Titled Tuesday"]
[Site "Chess.com"]
[Date "2018.04.17"]
[Round "9"]
[White "josephymwale33"]
[Black "itisabigworld"]
[Result "0-1"]
[WhiteElo "2162"]
[BlackElo "2267"]
[TimeControl "180+2"]
[EndTime "15:03:48 PDT"]
[Termination "itisabigworld won by resignation"]

1. d4 f5 2. c4 Nf6 3. Nf3 g6 4. g3 Bg7 5. Bg2 O-O 6. O-O d6 7. Nc3 Qe8 8. d5 Na6 9. Nd4 Nc5 10. f3 e5 11. dxe6 Nxe6 12. Ndb5 a6 13. Na3 Bd7 14. Kh1 b5 15. Nd5 Rb8 16. Bg5 Nxd5 17. cxd5 Nc5 18. Rb1 Na4 19. Qc2 c6 20. f4 c5 21. e4 fxe4 22. Bxe4 Nxb2 23. Rfe1 Na4 24. Qg2 Nc3 25. Rb3 c4 26. Rb2 Nxe4 27. Rxe4 Qxe4 28.
Qxe4 Bxb2 29. Nc2 Bf5 30. Qg2 Rbe8 31. g4 Be4 0-1

[Event "*** Biggest EVER Titled Tuesday"]
[Site "Chess.com"]
[Date "2018.04.17"]
[Round "9"]
[White "Anar_Aliakbarov"]
[Black "MrRooke6"]
[Result "1-0"]
[WhiteElo "2390"]
[BlackElo "2392"]
[TimeControl "180+2"]
[EndTime "15:03:58 PDT"]
[Termination "Anar_Aliakbarov won by resignation"]

1. d4 Nc6 2. Nf3 d5 3. e3 Bg4 4. Be2 e6 5. O-O Bd6 6. c4 dxc4 7. Nbd2 b5 8. b3 Nf6 9. bxc4 bxc4 10. Nxc4 O-O 11.
a4 Rb8 12. Ba3 Bxa3 13. Rxa3 Nb4 14. Nce5 Bf5 15. Rc3 Ne4 16. Rb3 a5 17. Nd2 c5 18.
Nxe4 Bxe4 19. dxc5 Qg5 20. Nf3 Qxc5 21. Qd4 Qc6 22. Bb5 Qb7 23. Be2 Rfd8 24. Qe5 Bc2 25. Rb2 Rd5 26. Qf4 Bxa4 27. Ng5 Rf5 28. Qh4 h6 29. Ne4 Rd8 30. Qxd8+ Kh7 31. Nd6 Qd5 32. e4 Qd4 33. Rxb4 axb4 34. exf5 1-0

[Event "*** Biggest EVER Titled Tuesday"]
[Site "Chess.com"]
[Date "2018.04.17"]
[Round "9"]
[White "Bauxi435"]
[Black "TheBigBoss04"]
[Result "0-1"]
[WhiteElo "2423"]
[BlackElo "2522"]
[TimeControl "180+2"]
[EndTime "15:04:02 PDT"]
[Termination "TheBigBoss04 won by checkmate"]

1. d4 Nf6 2. c4 g6 3. Nc3 Bg7 4. e4 d6 5. Be2 O-O 6. Be3 c5 7.
dxc5 dxc5 8. Qxd8 Rxd8 9. Bxc5 Na6 10. Bxe7 Re8 11. Bxf6 Bxf6 12. f3 Nb4 13. Rc1 Be6 14.
a3 Nc6 15. Nd5 Bxb2 16. Rb1 Bxa3 17. Nf6+ Kg7 18. Nxe8+ Rxe8 19. Rxb7 Bb4+ 20. Kf2 a5 21. Nh3 Bxh3 22. gxh3 a4 23. Ra1 a3 24. Bd1 Bc5+ 25. Kg3 Bd6+ 26. Kf2 Bc5+ 27. Kg3 Bd6+ 28. Kg2 Ne5 29.
Bb3 Nd3 30. c5 Nxc5 31. Rxf7+ Kh6 32. Rxa3 Rb8 33. Bd1 Rb2+ 34. Kf1 Nxe4 35. Raa7 Rf2+ 36. Kg1 Bxh2+ 37. Kh1 Ng3# 0-1

[Event "*** Biggest EVER Titled Tuesday"]
[Site "Chess.com"]
[Date "2018.04.17"]
[Round "9"]
[White "SelfishShellfish"]
[Black "peteseeger"]
[Result "0-1"]
[WhiteElo "2181"]
[BlackElo "2102"]
[TimeControl "180+2"]
[EndTime "15:04:15 PDT"]
[Termination "peteseeger won by resignation"]

1. d4 g6 2. e4 Bg7 3. Nc3 c6 4.
Nf3 d5 5. h3 Nh6 6. g4 f6 7.
Be3 Nf7 8. Qd2 O-O 9. O-O-O e6 10. g5 fxg5 11. Nxg5 Nxg5 12. Bxg5 Qa5 13. h4 c5 14. Kb1 cxd4 15. Nxd5 Qxd2 16. Ne7+ Kf7 17. Rxd2 Bd7 18. h5 Nc6 19. hxg6+ hxg6 20. f4 Nxe7 0-1

[Event "*** Biggest EVER Titled Tuesday"]
[Site "Chess.com"]
[Date "2018.04.17"]
[Round "9"]
[White "carlesdc96"]
[Black "FastChance"]
[Result "1-0"]
[WhiteElo "2467"]
[BlackElo "2665"]
[TimeControl "180+2"]
[EndTime "15:04:26 PDT"]
[Termination "carlesdc96 won by checkmate"]

1. e4 e6 2. d4 d5 3. Nc3 Nc6 4. e5 Nge7 5. Nf3 Nf5 6. Bb5 Bd7 7. h4 h5 8. Bg5 Be7 9. Qd2 Na5 10. Bd3 Nc4 11.
Bxc4 dxc4 12. O-O-O b5 13. d5 b4 14. Ne4 c3 15. bxc3 bxc3 16. Qxc3 Qb8 17. Bxe7 Nxe7 18. d6 Nd5 19. Rxd5 exd5 20. dxc7 Qb6 21. Nd6+ Kf8 22.
c8=Q+ Bxc8 23. Nxc8 Qxf2 24. Qb4+ Kg8 25. Ne7+ Kh7 26. Qf4 Qxg2 27. Rg1 Qe2 28. Qf5+ Kh6 29.
Qg5+ Kh7 30. Qxh5# 1-0

[Event "*** Biggest EVER Titled Tuesday"]
[Site "Chess.com"]
[Date "2018.04.17"]
[Round "9"]
[White "Marcin"]
[Black "GadimbayliA"]
[Result "1-0"]
[WhiteElo "2303"]
[BlackElo "2390"]
[TimeControl "180+2"]
[EndTime "15:04:33 PDT"]
[Termination "Marcin won on time"]

1. d4 e6 2. c4 b6 3. Nf3 Bb7 4. g3 Nf6 5. Bg2 Be7 6. O-O O-O 7. Nc3 Ne4 8. Qc2 Nxc3 9. Qxc3 c5 10. Rd1 Bf6 11. Qc2 cxd4 12. Ng5 Bxg5 13. Bxb7 Nc6 14.
Bxa8 Bxc1 15. Bxc6 dxc6 16. Raxc1 c5 17. e3 e5 18.
exd4 exd4 19. Re1 f5 20. f4 d3 21. Qd2 Qd4+ 22. Kg2 Rd8 23. Re3 g5 24. fxg5 f4 25. gxf4 Kf8 26. Rf1 Qxc4 27. Rff3 Qc2 28. Rf2 Qc4 29. b3 1-0

[Event "*** Biggest EVER Titled Tuesday"]
[Site "Chess.com"]
[Date "2018.04.17"]
[Round "9"]
[White "AlexZambrano"]
[Black "DryCounty"]
[Result "0-1"]
[WhiteElo "2353"]
[BlackElo "2504"]
[TimeControl "180+2"]
[EndTime "15:04:37 PDT"]
[Termination "DryCounty won by resignation"]

1. e4 e5 2. Nf3 Nc6 3. Nc3 Nf6 4. Be2 d5 5. exd5 Nxd5 6. O-O Nxc3 7. bxc3 e4 8. Ne1 Bd6 9. f3 Bf5 10. fxe4 Bxe4 11. Nf3 O-O 12. d3 Bg6 13. Rb1 b6 14. Bg5 Qd7 15. Qd2 Rfe8 16. Nd4 Nxd4 17. cxd4 c5 18. Bf3 Rac8 19. d5 c4 20. Kh1 cxd3 21.
cxd3 Qa4 22. Rbc1 Rxc1 23. Rxc1 Qd4 24. Rc6 Qxd3 25. Qc1 Bb4 26. d6 h6 27. Bh4 Re1+ 28. Qxe1 Bxe1 29. Rc8+ Kh7 30. g3 0-1

[Event "*** Biggest EVER Titled Tuesday"]
[Site "Chess.com"]
[Date "2018.04.17"]
[Round "9"]
[White "LyonBeast"]
[Black "sergiochess83"]
[Result "1/2-1/2"]
[WhiteElo "2851"]
[BlackElo "2804"]
[TimeControl "180+2"]
[EndTime "15:04:39 PDT"]
[Termination "Game drawn by repetition"]

1. e4 c6 2. Nf3 d5 3. Nc3 Bg4 4. h3 Bxf3 5. Qxf3 Nf6 6. Be2 e6 7. O-O Bc5 8. Qf4 O-O 9. Rd1 Nbd7 10. e5 Ne8 11. d4 Be7 12. Qg3 c5 13. dxc5 Qc7 14. f4 Bxc5+ 15. Kh1 g6 16. Bd3 Ng7 17.
Ne2 f6 18. exf6 Nxf6 19. Bd2 Rae8 20. Rf1 Nf5 21. Qf3 Nh4 22. Qg3 Nf5 23. Qf3 Nh4 24. Qg3 Nf5 1/2-1/2

[Event "*** Biggest EVER Titled Tuesday"]
[Site "Chess.com"]
[Date "2018.04.17"]
[Round "9"]
[White "nihalsarin"]
[Black "tigra"]
[Result "1-0"]
[WhiteElo "2754"]
[BlackElo "2696"]
[TimeControl "180+2"]
[EndTime "15:04:46 PDT"]
[Termination "nihalsarin won by resignation"]

1. d4 Nf6 2. Nf3 g6 3. Nc3 d5 4. Bf4 c5 5. e3 Bg7 6. Nb5 O-O 7.
Nc7 Nh5 8. Nxa8 Nxf4 9. exf4 Nc6 10. Be2 cxd4 11. O-O Bf5 12. Bb5 Bg4 13. h3 Bxf3 14.
Qxf3 e6 15. a3 Qd6 16. Bd3 Rxa8 17. h4 h5 18. Rad1 f5 19. Rfe1 Kf7 20. g3 Rc8 21. Bf1 Ne7 22. Rd2 Qc7 23. Rde2 Qb6 24. Rxe6 Qxe6 25. Rxe6 Kxe6 26. Qb3 Rc7 27. Bg2 Bf6 28. a4 a6 29. Qb6+ Rc6 30. Qxb7 Rxc2 31. Qxa6+ Nc6 32. Qb5 Ne7 33. a5 Rc1+ 34. Kh2 Rd1 35. Qe2+ 1-0

[Event "*** Biggest EVER Titled Tuesday"]
[Site "Chess.com"]
[Date "2018.04.17"]
[Round "9"]
[White "Arm-Akiba"]
[Black "gmjlh"]
[Result "1-0"]
[WhiteElo "2686"]
[BlackElo "2584"]
[TimeControl "180+2"]
[EndTime "15:04:46 PDT"]
[Termination "Arm-Akiba won by resignation"]

1. d4 d5 2. Nf3 Nf6 3. c3 e6 4. Bg5 c5 5. e3 cxd4 6. exd4 Be7 7. Bd3 Qb6 8. Qb3 Qxb3 9. axb3 Ne4 10.
Bxe7 Kxe7 11. Nbd2 Nxd2 12. Kxd2 Nd7 13. b4 Nb6 14.
Ra5 a6 15. Rha1 Bd7 16. b3 Rac8 17. Rc5 Rhd8 18. h4 h6 19. Ne5 Be8 20. Re1 Nd7 21. Nxd7 Kxd7 22. f4 Kd6 23. f5 Bd7 24. fxe6 Bxe6 25.
c4 dxc4 26. bxc4 Ra8 27. Rce5 b6 28. Kc3 Rdc8 29. c5+ bxc5 30. bxc5+ Kd7 31. Bc4 Re8 32. d5 Bg4 33. c6+ 1-0

[Event "*** Biggest EVER Titled Tuesday"]
[Site "Chess.com"]
[Date "2018.04.17"]
[Round "9"]
[White "r31415"]
[Black "MateusViageiro"]
[Result "1-0"]
[WhiteElo "2219"]
[BlackElo "2203"]
[TimeControl "180+2"]
[EndTime "15:04:46 PDT"]
[Termination "r31415 won by checkmate"]

1. e4 c5 2. Nf3 d6 3. d4 cxd4 4. Nxd4 Nf6 5. Nc3 a6 6. h3 e5 7. Nde2 Be6 8. g4 d5 9. exd5 Nxd5 10. Bg2 Bb4 11. O-O Bxc3 12. Nxc3 Nxc3 13. Qxd8+ Kxd8 14. bxc3 Kc7 15. f4 exf4 16. Bxf4+ Kc8 17. Rab1 Nc6 18.
Rb6 Nd8 19. Rd1 Bd7 20. Rbd6 Bc6 21. Bxc6 Nxc6 22. Rd7 Rd8 23. Rc7+ Kb8 24. Rxc6+ Ka7 25. Be3+ b6 26. Bxb6+ Kb7 27. Rxd8 Rxd8 28. Bxd8 Kxc6 29. Kf2 Kc5 30. Ke3 Kc4 31. Ba5 g6 32. g5 Kb5 33.
Bb4 a5 34. Be7 Kc4 35. Bf6 Kb5 36. Kd3 Ka4 37. c4 Ka3 38. Kc3 Kxa2 39. c5 a4 40. c6 a3 41. c7 Kb1 42. c8=Q a2 43.
Qb7+ Kc1 44. Qh1# 1-0

[Event "*** Biggest EVER Titled Tuesday"]
[Site "Chess.com"]
[Date "2018.04.17"]
[Round "9"]
[White "lachesisQ"]
[Black "Generalas"]
[Result "1-0"]
[WhiteElo "2919"]
[BlackElo "2203"]
[TimeControl "180+2"]
[EndTime "15:04:56 PDT"]
[Termination "lachesisQ won by resignation"]

1. g3 e5 2. Bg2 d5 3. b3 Nf6 4.
Bb2 Bd6 5. c4 c6 6. cxd5 cxd5 7.
Nc3 Be6 8. Nf3 Nc6 9. O-O O-O 10.
Ng5 Qe7 11. Nxe6 fxe6 12. d3 Ba3 13. Qc1 Bxb2 14. Qxb2 Rac8 15. Rac1 Nd4 16. e3 Nc6 17. Na4 Nd7 18. a3 Qd6 19. b4 b6 20. Bh3 Rf6 21.
Nc3 Rh6 22. Bg2 Ne7 23. Nb5 Qb8 24. Rxc8+ Nxc8 25. Rc1 a6 26. Nc7 Qb7 27. Ne8 Kf8 28. Rc7 Qb8 29. Rxd7 Kxe8 30. Rxg7 Ne7 31. b5 a5 32. Rg5 Ng6 33. h4 Kf7 34. h5 Ne7 35. Rxe5 Qd6 36. Rg5 Rf6 37. f4 h6 38. Re5 Nf5 39.
g4 Nh4 40. Bh1 Qc5 41. Kh2 1-0

[Event "*** Biggest EVER Titled Tuesday"]
[Site "Chess.com"]
[Date "2018.04.17"]
[Round "9"]
[White "Alopekos"]
[Black "KNVB"]
[Result "0-1"]
[WhiteElo "2302"]
[BlackElo "2587"]
[TimeControl "180+2"]
[EndTime "15:05:14 PDT"]
[Termination "KNVB won by resignation"]

1. e4 b6 2. d4 Bb7 3. Bd3 e6 4. Nf3 d5 5. e5 Ba6 6. O-O Bxd3 7. Qxd3 Ne7 8. c3 Qd7 9. Ng5 h6 10. Nh7 Nbc6 11. Nd2 Nf5 12. Nxf8 Kxf8 13. g4 Nfe7 14.
f4 h5 15. h3 g6 16. Nf3 Kg7 17. Ng5 hxg4 18. hxg4 Rh4 19. Qg3 Rah8 20. Be3 Na5 21. b3 Qb5 22. f5 Qe2 23. f6+ Kg8 24. Rf2 Qxg4 25. Qxg4 Rxg4+ 26. Kf1 Nf5 0-1

[Event "*** Biggest EVER Titled Tuesday"]
[Site "Chess.com"]
[Date "2018.04.17"]
[Round "9"]
[White "gmtalentoso"]
[Black "BillForster"]
[Result "1-0"]
[WhiteElo "2131"]
[BlackElo "1626"]
[TimeControl "180+2"]
[EndTime "15:05:19 PDT"]
[Termination "gmtalentoso won by resignation"]

1. e4 c5 2. Nc3 a6 3. g3 b5 4. Bg2 Bb7 5. Nge2 e6 6. O-O Nc6 7. d3 Nf6 8. a3 d5 9. exd5 exd5 10. d4 c4 11. Nf4 Ne7 12. Re1 g6 13. Qe2 Ra7 14. b3 Ba8 15. bxc4 dxc4 16. d5 Rd7 17. Be3 Bg7 18. Bc5 Ng8 19. Qe3 Kf8 20. Rad1 Nf6 21. a4 h5 22. axb5 axb5 23. Nxb5 Nxd5 24. Nxd5 Bxd5 25.
Rxd5 Rxd5 26. Bxe7+ 1-0

[Event "*** Biggest EVER Titled Tuesday"]
[Site "Chess.com"]
[Date "2018.04.17"]
[Round "9"]
[White "djamir"]
[Black "IMVoja"]
[Result "1-0"]
[WhiteElo "2632"]
[BlackElo "2323"]
[TimeControl "180+2"]
[EndTime "15:05:26 PDT"]
[Termination "djamir won by resignation"]

1. d4 Nf6 2. Bg5 Ne4 3. Bf4 c5 4. dxc5 Qa5+ 5. Nd2 Nxd2 6. Qxd2 Qxc5 7. e4 d6 8. O-O-O e5 9. Be3 Qc7 10. Ne2 Be7 11.
Nc3 O-O 12. Nd5 Qd8 13. Nxe7+ Qxe7 14. Qxd6 Qh4 15. Bb5 Nc6 16. Bxc6 bxc6 17. Qxe5 Be6 18. Bd4 Qh6+ 19. Kb1 Rfe8 20. Qg3 a5 21. Bc3 a4 22. Rd6 a3 23. b3 Rac8 24. Rhd1 c5 25. f4 f6 26. f5 Bf7 27. e5 fxe5 28. Rxh6 c4 29. b4 1-0